 Dungeon Crawl Stone Soup version 0.28-b1-70-g80dc712255 (webtiles) character file.

Game seed: 18402493090133644510

7236 adizb the Covert (level 11, -4/100 HPs)
             Began as a Naga Fighter on Feb 3, 2022.
             Was a Believer of Dithmenos.
             Slain by a komodo dragon (21 damage)
             ... on level 1 of the Lair of Beasts.
             The game lasted 01:01:00 (7053 turns).

adizb the Covert (Naga Fighter)                     Turns: 7053, Time: 01:01:01

Health: -4/100     AC: 18    Str: 22    XL:     11   Next: 12%
Magic:  0/11       EV: 10    Int:  9    God:    Dithmenos [**....]
Gold:   375        SH:  5    Dex: 17    Spells: 10/10 levels left

rFire   . . .      SeeInvis +   g - +3 whip (venom)
rCold   . . .      Faith    .   c - +0 buckler
rNeg    . . .      Spirit   +   v - +0 plate armour
rPois   +          Reflect  .   o - +2 helmet
rElec   .          Harm     .   l - +2 cloak {rCorr}
rCorr   +          Rampage  .   (no gloves)
Will    +....                   (no barding)
Stlth   ..........              u - amulet of guardian spirit
HPRegen 0.26/turn               L - +6 ring of dexterity
MPRegen 0.12/turn               z - +4 ring of evasion

@: wreathed by umbra, very slow
A: AC +3, large, see invisible, deformed body, poison resistance, slowness 2,
spit poison 1, naga tail 1
a: Spit Poison, Renounce Religion, Shadow Step


You were on level 1 of the Lair of Beasts.
You worshipped Dithmenos.
Dithmenos was pleased with you.
You visited 3 branches of the dungeon, and saw 11 of its levels.

You collected 375 gold pieces.

Inventory:

Hand Weapons
 g - a +3 whip of venom (weapon)
 t - a +1 whip of electrocution
 J - a +2 dire flail
Missiles
 A - 2 datura-tipped darts
Armour
 b - a +1 robe of willpower
 c - a +0 buckler (worn)
 l - a +2 cloak of preservation (worn)
 o - a +2 helmet (worn)
 v - a +0 plate armour (worn)
 x - the +1 robe of Liketzibb {rPois Dex+2 SInv Stlth-}
   (You found it on level 5 of the Dungeon)

   Dex:       It affects your dexterity (+2).
   rPois:     It protects you from poison.
   SInv:      It lets you see invisible.
   Stlth:     It makes you less stealthy.
 K - a +0 hat of stealth
Jewellery
 h - a ring of protection from cold
 k - a ring of resist corrosion
 u - an amulet of guardian spirit (around neck)
 z - a +4 ring of evasion (right hand)
 H - a ring of fire
 L - a +6 ring of dexterity (left hand)
Wands
 s - a wand of flame (34)
 y - a wand of mindburst (16)
 C - a wand of paralysis (4)
 D - a wand of charming (12)
Scrolls
 a - a scroll of fear
 j - 2 scrolls of noise {unknown}
 p - a scroll of teleportation
 q - 2 scrolls of immolation
 w - a scroll of summoning {unknown}
 B - a scroll of brand weapon {unknown}
 E - a scroll of fog
 F - a scroll of silence {unknown}
 M - a scroll of enchant armour {unknown}
Potions
 d - 2 potions of invisibility
 e - a potion of might
 f - a potion of lignification {unknown}
 i - 2 potions of curing
 m - a potion of cancellation {unknown}
 n - a potion of mutation {unknown}
 r - a potion of ambrosia {unknown}
 I - a potion of degeneration {unknown}


   Skills:
 + Level 7.5 Fighting
 * Level 10.1 Maces & Flails
 + Level 6.2 Armour
 + Level 5.5 Dodging
 + Level 10.4 Stealth
 - Level 2.6 Shields


You had 10 spell levels left.
You didn't know any spells.
Your spell library contained the following spells:

 Spells                   Type           Power      Damage    Failure   Level
 Slow                     Hex            0%         N/A       100%        1
 Confusing Touch          Hex            0%         N/A       100%        3
 Vampiric Draining        Necr           0%         2d6       100%        3
 Summon Ice Beast         Ice/Summ       0%         N/A       100%        4
 Summon Mana Viper        Hex/Summ       0%         N/A       100%        5
 Monstrous Menagerie      Summ           0%         N/A       100%        7


Dungeon Overview and Level Annotations

Branches:
Dungeon (9/15)             Temple (1/1) D:4            Lair (1/6) D:8
    Orc: D:9-12

Altars:
Ashenzari
Cheibriados
Dithmenos
Elyvilon
Gozag
Hepliaklqana
Kikubaaqudgha
Makhleb
Nemelex Xobeh
Okawaru
Qazlal
Ru
Sif Muna
Trog
Uskayaw
Vehumet
Xom
Yredelemnul
Zin
The Shining One

Shops:
D:8 (


Innate Abilities, Weirdness & Mutations

Your serpentine skin is tough. (AC +3)
You have supernaturally acute eyesight. (SInv)
Armour fits poorly on your strangely shaped body.
Your system is resistant to poisons. (rPois)
You cover ground very slowly.
You can spit poison.
You have a snake-like lower body.


Message History

* * * LOW HITPOINT WARNING * * *
Found 18 gold pieces.
Found an escape hatch in the floor.
Found 18 gold pieces.
The komodo dragon hisses angrily.
Found a stone staircase leading down.
You see here 18 gold pieces.
You now have 375 gold pieces (gained 18).
Aiming: Spit Poison (1% risk of failure)
Press: ? - help, Q - select action, (/) - cycle Shift-Dir - straight line, f - komodo dragon
Aim: a komodo dragon (umbra, 74% to hit)
The splash of poison misses the komodo dragon.
The komodo dragon barely misses you.
You hit the komodo dragon but do no damage.
The komodo dragon is poisoned.
The komodo dragon barely misses you.
You hit the komodo dragon.
The komodo dragon looks as sick as possible!
The komodo dragon is lightly wounded.
You hit the komodo dragon but do no damage.
The komodo dragon is lightly wounded.
The komodo dragon bites you!
* * * LOW HITPOINT WARNING * * *
You barely miss the komodo dragon.
The komodo dragon is lightly wounded.
The komodo dragon barely misses you.
You barely miss the komodo dragon.
The komodo dragon is lightly wounded.
You whack the komodo dragon!
The komodo dragon looks as sick as possible!
The komodo dragon is moderately wounded.
The komodo dragon bites you but does no damage.
You hit the komodo dragon but do no damage.
The komodo dragon is moderately wounded.
You have got your breath back.
The komodo dragon bites you.
* * * LOW HITPOINT WARNING * * *
You hit the komodo dragon but do no damage.
The komodo dragon looks as sick as possible!
The komodo dragon is moderately wounded.
The komodo dragon bites you!!
You die...

≈≈≈≈≈S........# .#
#..##
≈≈≈≈≈.........#
#.##
≈≈≈≈.>........##
#.#
≈≈≈≈...........# #
#.# ..#####.## .#
##.# ..
##.####..#####..#
#.>.............###
##l................
#@.............###
#..............# #
#..............#
..$............#
#..............#
#...>........[.##
#.##..P#.#..#...##
#.# ####.#####.#..
# ##..).


You could see a komodo dragon (extremely poisoned).

Vanquished Creatures
  Pikel (D:4)
  A cyclops (D:7)
  A cane toad (Lair:1)
  A komodo dragon (Lair:1)
  Prince Ribbit (D:7)
  A vampire (D:6)
  Sigmund (D:3)
  7 yaks
  3 wyverns
  Menkaure (D:7)
  5 water moccasins
  2 orc warriors
  A sky beast (D:7)
  2 black bears
  3 ogres
  3 necrophages
  3 centaurs
  A lemure (D:3)
  2 phantoms
  2 kobold brigands
  4 scorpions
  2 water moccasin skeletons
  13 wights
  A crimson imp (D:5)
  2 centaur zombies
  A bullfrog zombie (D:5)
  2 hounds
  Crazy Yiuf (D:3)
  2 orc priests
  A bullfrog skeleton (D:5)
  5 iguanas
  A gnoll shaman (D:8)
  3 orc wizards (D:7)
  A hound skeleton (D:4)
  A howler monkey zombie (D:5)
  7 gnolls
  10 adders
  A shadow imp (D:7)
  4 white imps
  2 ufetubi
  A worm (D:4)
  4 dart slugs
  20 orcs
  5 endoplasms
  3 giant cockroaches
  8 goblins
  2 hobgoblins
  13 kobolds
  6 quokkas
  3 ball pythons (D:1)
  2 bats (D:2)
  5 frilled lizards
  8 rats
186 creatures vanquished.

Vanquished Creatures (others)
  3 fungi (D:8)
  14 plants
17 creatures vanquished.

Grand Total: 203 creatures vanquished

Notes
Turn   | Place    | Note
-------+----------+-------------------------------------------
     0 | D:1      | adizb the Naga Fighter began the quest for the Orb.
     0 | D:1      | Reached XP level 1. HP: 21/21 MP: 1/1
    22 | D:1      | Found a faded altar of an unknown god.
    95 | D:1      | Reached XP level 2. HP: 25/28 MP: 2/2
   237 | D:1      | Reached skill level 1 in Stealth
   261 | D:1      | Reached XP level 3. HP: 30/34 MP: 3/3
   747 | D:2      | Reached XP level 4. HP: 38/42 MP: 4/4
  1054 | D:2      | Found a hazy altar of Hepliaklqana.
  1341 | D:3      | Found a runed translucent door.
  1342 | D:3      | Noticed Crazy Yiuf
  1352 | D:3      | Killed Crazy Yiuf
  1353 | D:3      | Reached skill level 1 in Dodging
  1353 | D:3      | Reached XP level 5. HP: 29/49 MP: 3/5
  1588 | D:3      | Noticed Sigmund
  1600 | D:3      | Killed Sigmund
  1601 | D:3      | Reached XP level 6. HP: 7/57 MP: 6/6
  2248 | D:4      | Noticed a necrophage
  2270 | D:4      | Killed a necrophage
  2271 | D:4      | Reached XP level 7. HP: 54/64 MP: 7/7
  2286 | D:4      | HP: 3/64 [orc (2)]
  2683 | D:4      | Found a staircase to the Ecumenical Temple.
  2696 | D:4      | Reached skill level 5 in Maces & Flails
  2719 | Temple   | Entered the Ecumenical Temple
  2834 | Temple   | Became a worshipper of Dithmenos the Shadowed
  2919 | D:4      | Noticed Pikel
  3169 | D:4      | Killed Pikel
  3170 | D:4      | Reached skill level 5 in Stealth
  3170 | D:4      | Reached XP level 8. HP: 33/73 MP: 8/8
  3273 | D:5      | Entered Level 5 of the Dungeon
  3349 | D:5      | Reached skill level 5 in Fighting
  3586 | D:5      | Identified the +1 robe of Liketzibb {rPois Dex+2 SInv
                  | Stlth-}
  3795 | D:5      | Reached XP level 9. HP: 81/81 MP: 9/9
  3861 | D:6      | Found a shimmering altar of Xom.
  3874 | D:6      | Reached * piety under Dithmenos
  4034 | D:6      | Found a hide-covered altar of Uskayaw.
  4245 | D:6      | Found a bloodstained altar of Trog.
  4498 | D:6      | Found a white marble altar of Elyvilon.
  4616 | D:7      | Reached skill level 5 in Armour
  4695 | D:7      | Reached ** piety under Dithmenos
  4762 | D:7      | Noticed Prince Ribbit
  4777 | D:7      | Killed Prince Ribbit
  5047 | D:7      | Noticed Menkaure
  5052 | D:7      | Killed Menkaure
  5053 | D:7      | Reached XP level 10. HP: 91/91 MP: 10/10
  5248 | D:7      | Noticed a cyclops
  5263 | D:7      | Killed a cyclops
  5759 | D:7      | Reached skill level 5 in Dodging
  6122 | D:8      | Found a staircase to the Lair.
  6256 | D:8      | Reached skill level 10 in Stealth
  6327 | D:8      | Found Jusikk's Hydra Hut.
  6352 | D:8      | Noticed a four-headed hydra
  6414 | D:8      | Reached XP level 11. HP: 84/100 MP: 8/11
  6841 | Lair:1   | Entered Level 1 of the Lair of Beasts
  6889 | Lair:1   | Reached skill level 10 in Maces & Flails
  7053 | Lair:1   | Slain by a komodo dragon

Illustrated notes

Levels and vault maps discovered:
D:1:      lightli_arrival_flooded_house, layout_basic,
          ebering_ecumenical_altar_mist, fountainhead
D:2:      kennysheep_six_static_rooms, layout_basic, basic_altar
D:3:      layout_basic, uniq_sigmund, uniq_crazy_yiuf_cottage
D:4:      layout_cave_pools, minmay_temple_entry_steel_oval, uniq_pikel
D:5:      layout_basic, minmay_fire_ice_demons
D:6:      layout_basic, nicolae_uskayaw_dance_hall,
          mainiacjoe_overflow_large_starburst, nicolae_elyvilon_peaceful_grove,
          serial_park_tiny_1, serial_bayou_pond_b
D:7:      layout_layer_cave, grunt_ogre_cave, hangedman_minor_gate_pass,
          uniq_menkaure, uniq_prince_ribbit1
D:8:      layout_gridville, minmay_lair_entry_grove, doesnt_shop_hydraphobe
D:9:      layout_rooms, fedhas_altar_fruit_tree, minivault_25
Temple:   minmay_temple_bridge_d
Lair:1:   layout_small_grid, beast_lair_carwin_5, infiniplex_staircase_pool

Skill      XL: |  1  2  3  4  5  6  7  8  9 10 11 |
---------------+----------------------------------+-----
Stealth        | 1 2 3 4 5 6 8 10 | 10.4
Maces & Flails | 3 4 5 6 8 9 10 | 10.1
Dodging        | 1 2 3 4 5 |  5.5
Armour         | 3 4 5 6 |  6.2
Fighting       | 4 5 6 7 |  7.5
Shields        | |  2.6

Action                   |  1- 3 |  4- 6 |  7- 9 | 10-12 || total
-------------------------+-------+-------+-------+-------++-------
Melee: Flail             |    27 |    14 |     1 |       ||    42
       Whip              |    13 |    54 |   232 |   228 ||   527
       Mace              |       |       |    69 |    86 ||   155
       Morningstar       |       |       |     8 |       ||     8
 Abil: Spit Poison       |    28 |    33 |    48 |    38 ||   147
Evoke: Wand              |       |       |     4 |       ||     4
  Use: Scroll            |       |     1 |     3 |     3 ||     7
       Potion            |       |       |     2 |     3 ||     5
Armor: Scale mail        |    17 |    20 |       |       ||    37
       Chain mail        |       |    13 |   142 |   100 ||   255
       Plate armour      |       |       |       |    51 ||    51
Dodge: Dodged            |    17 |    17 |   121 |   163 ||   318
Block: Buckler           |     7 |    13 |    64 |    50 ||   134
